 Dungeon Crawl Stone Soup version 0.28-a0-1594-ga885d4b3d6 (webtiles) character file.

Game seed: 13069533602649597128

1040 porpoise the Insei (level 8, -4/64 HPs)
             Began as a Demonspawn Transmuter on Jan 21, 2022.
             Was an Initiate of Nemelex Xobeh.
             Slain by an orc warrior (14 damage)
             ... on level 6 of the Dungeon.
             The game lasted 00:24:56 (7700 turns).

porpoise the Insei (Demonspawn Transmuter)          Turns: 7700, Time: 00:24:57

Health: -4/64      AC:  5    Str: 11 (12) XL:     8   Next: 4%
Magic:  10/11      EV: 27    Int: 16      God:    Nemelex Xobeh [......]
Gold:   133        SH:  0    Dex: 19      Spells: 8/11 levels left

rFire   + . .      SeeInvis .     - Unarmed
rCold   . . .      Faith    .   (no shield)
rNeg    . . .      Spirit   .   a - +2 robe {rF+}
rPois   .          Reflect  .   o - +0 helmet
rElec   .          Harm     .   (no cloak)
rCorr   .          Rampage  .   (no gloves)
Will    .....                   (no boots)
Stlth   +++.......              f - amulet of the acrobat
HPRegen 0.20/turn               m - +6 ring of dexterity
MPRegen 0.12/turn               (no ring)

@: wereblooded (expiring), acrobatic, hasted, very quick
A: ignite blood 1, powered by pain 3
a: Renounce Religion, Draw Escape, Draw Destruction, Draw Summoning


You were on level 6 of the Dungeon.
You worshipped Nemelex Xobeh.
Nemelex Xobeh was noncommittal.
You visited 1 branch of the dungeon, and saw 6 of its levels.

You collected 199 gold pieces.
You spent 66 gold pieces at shops.

Inventory:

Hand Weapons
 b - a +0 hunting sling
 r - a +2 dagger of protection
 s - a +0 hand crossbow
 w - a +2 dagger of venom
Missiles
 d - 47 bolts
 k - 8 boomerangs
 l - 31 sling bullets
 n - 182 stones
 q - 22 poisoned darts (quivered)
 x - 13 arrows
Armour
 a - a +2 robe of fire resistance (worn)
 o - a +0 helmet (worn)
Magical Staves
 z - a staff of fire
Jewellery
 f - an amulet of the acrobat (around neck)
 m - a +6 ring of dexterity (left hand)
Wands
 y - a wand of polymorph (4)
Scrolls
 e - a scroll of holy word {unknown}
 g - 3 scrolls of identify
 j - a scroll of summoning {unknown}
 u - 2 scrolls of fear
 v - a scroll of teleportation {unknown}
Potions
 c - a potion of haste
 h - a potion of flight
 i - a potion of might
 p - a potion of curing
 t - a potion of mutation
 A - a potion of magic


   Skills:
 * Level 5.9 Fighting
 - Level 1.7 Dodging
 + Level 3.8 Stealth
 * Level 6.0 Unarmed Combat
 - Level 2.0 Spellcasting
 - Level 1.7 Transmutations


You had 8 spell levels left.
You knew the following spells:

 Your Spells              Type           Power      Damage    Failure   Level
a - Beastly Appendage     Tmut           14%        N/A       10%         1
w - Wereblood             Tmut           7%         N/A       16%         2

Your spell library contained the following spells:

 Spells                   Type           Power      Damage    Failure   Level
 Spider Form              Tmut/Pois      4%         N/A       41%         3
 Stone Arrow              Conj/Erth      2%         3d7       52%         3
 Ice Form                 Ice/Tmut       4%         N/A       82%         4
 Animate Armour           Summ/Erth      2%         N/A       90%         4
 Lehudib's Crystal Spear  Conj/Erth      0%         10d2      100%        8


Dungeon Overview and Level Annotations

Branches:
Dungeon (6/15)
 Temple: D:4-7

Altars:
Ashenzari
Dithmenos
Gozag
Hepliaklqana
Makhleb
Nemelex Xobeh
Sif Muna
Yredelemnul

Shops:
D:3 :[[


Innate Abilities, Weirdness & Mutations

Your demonic aura sometimes causes spilled blood to erupt in flames.
You are powered by pain.


Message History

You completely miss the orc warrior.
You claw the orc warrior, but do no damage.
The orc warrior is lightly wounded.
The orc hits you but does no damage.
An orc comes into view. It is wielding a +0 club.
The orc warrior hits you with a +0 trident.
You closely miss the orc warrior. Your kick misses the orc warrior.
The orc warrior is lightly wounded.
The orc hits you with a +0 mace. The orc warrior closely misses you.
The orc warrior completely misses you.
Your transformation is almost over.
The orc warrior completely misses you.
You punch the orc!
You feel a bit better.
You kill the orc!
The orc warrior barely misses you.
You hit the orc. You headbutt the orc.
You feel a bit better.
You kill the orc!
The orc warrior hits you from afar with a +0 trident!
You howl as the wereblood boils in your veins!
You punch the orc!
You feel a bit better.
You kill the orc!
Things that are here:
a +0 dagger; a +0 scale mail The orc warrior barely misses you.
Your primal bloodlust is almost over.
The orc warrior misses you.
Your horns disappear.
Your talons disappear.
Your +0 helmet unmelds from your body.
The orc warrior completely misses you.
You punch the orc warrior!
The orc warrior is moderately wounded.
The orc warrior hits you with a +0 trident!
* * * LOW HITPOINT WARNING * * *
You barely miss the orc warrior.
The orc warrior is moderately wounded.
The orc warrior hits you with a +0 trident!
* * * LOW HITPOINT WARNING * * *
You feel yourself speed up. The orc warrior barely misses you.
The orc warrior hits you from afar with a +0 trident!
You die...
Your body disappears without a glow.

### #.#########
#.....@.oo#
#.#######)# #.#
#...# #.#####
###.# #.....#
.# #.....# #
#.....# #.....#
#########.....#


You could see an orc warrior and an orc.

Vanquished Creatures
  A sky beast (D:6)
  A black bear (D:5)
  3 ogres
  A necrophage (D:5)
  A phantom (D:4)
  3 killer bees (D:4)
  A howler monkey (D:4)
  A bullfrog zombie (D:5)
  A jelly (D:4)
  An iguana (D:3)
  Robin (D:3)
  5 adders
  A white imp (D:6)
  4 ufetubi (D:5)
  2 adder skeletons
  2 dart slugs
  14 orcs
  4 ball pythons
  6 endoplasms
  3 giant cockroaches
  16 goblins
  8 hobgoblins
  4 quokkas
  4 bats
  4 frilled lizards
  10 kobolds
  5 rats
107 creatures vanquished.

Vanquished Creatures (others)
  24 plants (D:2)
24 creatures vanquished.

Grand Total: 131 creatures vanquished

Notes
Turn   | Place    | Note
-------+----------+-------------------------------------------
     0 | D:1      | porpoise the Demonspawn Transmuter began the quest for the
                  | Orb.
     0 | D:1      | Reached XP level 1. HP: 15/15 MP: 3/3
   617 | D:1      | Gained mutation: You sometimes gain a little power by
                  | taking damage. [demonic ancestry]
   617 | D:1      | Reached XP level 2. HP: 21/21 MP: 3/5
   623 | D:1      | Reached skill level 3 in Unarmed Combat
   685 | D:1      | Found a faded altar of an unknown god.
  1330 | D:2      | Reached skill level 1 in Stealth
  1330 | D:2      | Gained mutation: You sometimes gain power by taking damage.
                  | [demonic ancestry]
  1330 | D:2      | Reached XP level 3. HP: 27/27 MP: 4/6
  2221 | D:2      | Gained mutation: You are powered by pain. [demonic
                  | ancestry]
  2221 | D:2      | Reached XP level 4. HP: 25/34 MP: 7/7
  2449 | D:3      | Found Serph's Armour Emporium.
  2467 | D:3      | Found Wuawyonk's Book Shop.
  2620 | D:3      | Learned a level 2 spell: Wereblood
  2663 | D:3      | Noticed Robin
  2688 | D:3      | Killed Robin
  2769 | D:3      | Found a large runed translucent door.
  2770 | D:3      | Found a large runed translucent door.
  2780 | D:3      | Found Zoegai's Antique Armour Shop.
  2813 | D:3      | Found a burning altar of Makhleb.
  2900 | D:3      | Found a shimmering blue altar of Sif Muna.
  3367 | D:4      | Gained mutation: Your demonic aura sometimes causes spilled
                  | blood to erupt in flames. [demonic ancestry]
  3367 | D:4      | Reached XP level 5. HP: 34/41 MP: 6/8
  3488 | D:4      | Found a hazy altar of Hepliaklqana.
  3813 | D:4      | Reached skill level 4 in Unarmed Combat
  3842 | D:4      | Found a broken altar of Ashenzari.
  3945 | D:4      | Noticed a phantom
  3949 | D:4      | HP: 2/42 [phantom (7)]
  3950 | D:4      | Reached XP level 6. HP: 3/48 MP: 5/9
  4359 | D:3      | Bought a runed robe for 66 gold pieces
  5022 | D:5      | Entered Level 5 of the Dungeon
  5740 | D:5      | Found a shadowy altar of Dithmenos.
  5751 | D:5      | Reached skill level 5 in Unarmed Combat
  5751 | D:5      | Reached XP level 7. HP: 44/55 MP: 8/10
  6004 | D:5      | Found a sparkling altar of Nemelex Xobeh.
  6004 | D:5      | Found an opulent altar of Gozag.
  6110 | D:5      | HP: 2/55 [black bear (6)]
  6112 | D:5      | Reached skill level 5 in Fighting
  7147 | D:5      | Became a worshipper of Nemelex Xobeh the Trickster
  7562 | D:6      | Found a basalt altar of Yredelemnul.
  7625 | D:6      | Reached skill level 6 in Unarmed Combat
  7625 | D:6      | Reached XP level 8. HP: 64/64 MP: 9/11
  7700 | D:6      | Slain by an orc warrior

Illustrated notes

Levels and vault maps discovered:
D:1:      eino_arrival_tree_alley, layout_loops_ring,
          dilly_ecumenical_altar_fadedgnrine, chequers_serial_rivers_micro_e,
          st_stairs_6
D:2:      layout_basic, serial_bayou, serial_bayou_shore_a, serial_bayou_pond_d,
          serial_bayou_ford_a, serial_bayou_pond_b
D:3:      layout_basic, jmf_multi_god_temple2, serial_shops,
          nicolae_square_shop, shop_fountains, shop, uniq_robin
D:4:      layout_loops_ring, nicolae_hepliaklqana_hazy_memory,
          mainiacjoe_overflow_brackets
D:5:      layout_basic, grunt_temple_overflow_opulence,
          grunt_dithmenos_smoke_and_mirrors, columned_hall_lemuel, st_stairs_8
D:6:      layout_basic, yredelemnul_altar_generic, lemuel_round_altar,
          st_stairs_11, grunt_ministairs_4, nrook_uturn, serial_park_tiny_pond,
          uniq_pikel

Skill      XL: |  1  2  3  4  5  6  7 |
---------------+----------------------+-----
Unarmed Combat | 3 4 5 6 |  6.0
Fighting       | 2 3 4 5 |  5.9
Stealth        | 1 2 3 |  3.8
Dodging        | |  1.7
Spellcasting   | |  2.0
Transmutations | |  1.7

Action                   |  1- 3 |  4- 6 |  7- 9 || total
-------------------------+-------+-------+-------++-------
Melee: Unarmed           |    91 |   112 |    68 ||   271
       Headbutt          |     4 |    10 |    10 ||    24
       Kick              |    16 |    28 |    18 ||    62
       Punch             |     2 |     4 |     2 ||     8
 Fire: Hunting sling     |       |    25 |    26 ||    51
       Hand crossbow     |       |     9 |       ||     9
Throw: Dart              |       |     2 |     2 ||     4
 Cast: Beastly Appendage |    27 |    28 |    11 ||    66
       Wereblood         |       |     2 |     1 ||     3
  Use: Potion            |       |     7 |     1 ||     8
       Scroll            |       |       |     3 ||     3
 Stab: Sleeping          |     1 |       |       ||     1
Armor: Robe              |    14 |     9 |    16 ||    39
       Animal skin       |       |     5 |       ||     5
Dodge: Dodged            |    47 |    72 |    55 ||   174

Table legend: (Time is in decaauts)
 A = Elapsed time spent in this place.
 B = Non-inter-level travel time spent in this place.
 C = Inter-level travel time spent in this place.
 D = Time resting spent in this place.
 E = Time spent auto-exploring this place.
 F = Levels seen in this place.
 G = Mean time per level.
                   A        B        C        D        E       F      G
               +--------+--------+--------+--------+--------+-----+--------+
         Total |   7652 |   7274 |    378 |   3231 |   2975 |   6 | 1275.3 |
       Dungeon |   7652 |   7274 |    378 |   3231 |   2975 |   6 | 1275.3 |
               +--------+--------+--------+--------+--------+-----+--------+

Top non-repeatable levels by time:
     D:5: 1928 daAuts
     D:4: 1428 daAuts
     D:3: 1315 daAuts
     D:1: 1271 daAuts
     D:2: 1193 daAuts
     D:6: 514 daAuts
